cohdb
Replays
Latest Replays
All Replays
Popular Replays
Top Player Replays
Match Explorer
How It Works
Community
CoH3 Stats
Reddit
Sign in to upload your games and track your stats! →
Sign in with Steam
Match 45929781
Unlisted
Match 45929781
Overview
Messages
Build Orders
End
Construct Barracks
Selects Armored Battlegroup
Selects Veteran Crews
1⁄4-ton 4x4 Truck
Riflemen Squad
Riflemen Squad
Riflemen Squad
Riflemen Squad
Construct Medical Station
Selects Fast Deploy
Mechanized Support Center
Engineer Squad
Construct Motor Pool
M8 Greyhound Armored Car
Riflemen Squad
M8 Greyhound Armored Car
Grenade Package
Improvised Armor
Designate Forward Repair Station
Construct Weapon Support Center
M1919 Machine Gun Team
M1919 Machine Gun Team
1⁄4-ton 4x4 Truck
Selects Field Repairs
Selects War Machine
M24 Chaffee Light Tank
M24 Chaffee Light Tank
a_rotator
Nostalgi@
0
0
Comments
sign in to comment!
No comments posted yet!